 Dungeon Crawl Stone Soup version 0.28-a0-465-ge2dae52223 (webtiles) character file.

Game seed: 2258365366415908413

194719 CraigForest the Peltast (level 17, -6/134 (136) HPs)
             Began as a Demonspawn Ice Elementalist on Sept 15, 2021.
             Was a High Priest of Ashenzari.
             Mangled by a Hell Sentinel (10 damage)
             ... summoned by a dread lich
             ... while paralysed by a dread lich
             ... on level 4 of the Abyss.
             The game lasted 06:02:55 (28739 turns).

CraigForest the Peltast (DsIE)                     Turns: 28739, Time: 06:02:57

HP:   -6/134 (136)  AC: 26    Str: 10      XL:     17   Next: 68%
MP:   7/34          EV:  2    Int: 26 (30) God:    Ashenzari [*****.]
Gold: 3245          SH:  0    Dex: 13 (14) Spells: 12/42 levels left

rFire   . . .      SeeInvis +   a - staff of cold (curse) {Elem, Evo}
rCold   + . .      Faith    .   g - +0 kite shield of the Shackled Negation {Cun, Evo} (curse)
rNeg    . . .      Spirit   .   h - +1 leather armour of the Unyielding Gaze {Regen+ Int+2, Melee, Fort} (curse)
rPois   .          Reflect  +   d - +2 helmet "Cursed Together" {SInv, Cun, Fort} (curse)
rElec   .          Harm     .   (no cloak)
rCorr   .          Rampage  .   e - +0 pair of gloves of the Sibylline Regret {Comp, Melee} (curse)
Will    +....      Clarity  +   f - +2 pair of boots of the Stellar Burden {Comp, Evo} (curse)
Stlth   ++++......              i - amulet "Gnosis of Ashenzari" {Reflect SH+5, Evo, Self} (curse)
HPRegen 2.32/turn               j - ring "At What Cost Knowledge?" {Int+6, =R Melee, Elem} (curse)
MPRegen 0.24/turn               k - ring of Ashenzari's Anxiety {AC+4, Elem, Bglg} (curse)

@: paralysed, ice-armoured, freezing walls, lightly drained
A: talons 2, thin skeletal structure 1, ignite blood 3, powered by death 3,
clumsy 1, deterioration 1, mutation resistance 1, screaming 1, subdued magic 1,
noise suppression
}: 1/15 runes: abyssal
a: Renounce Religion, Curse Item, Shatter the Chains


You were on level 4 of the Abyss.
You worshipped Ashenzari.
Ashenzari was extremely pleased with you.
You visited 5 branches of the dungeon, and saw 25 of its levels.
You visited the Abyss 1 time.
You also visited: Sewer, Bailey, Ice Cave and Volcano.

You collected 6024 gold pieces.
You spent 2779 gold pieces at shops.

Inventory:

Hand Weapons
 u - a +1 vampiric demon blade
 y - the +7 great sword of Rubbish {vorpal, rPois Will+ Int+3 Dex-3}
   (You found it on level 4 of the Lair of Beasts)

   It inflicts extra damage upon your enemies.
   Int:       It affects your intelligence (+3).
   Dex:       It affects your dexterity (-3).
   rPois:     It protects you from poison.
   Will:      It increases your willpower.
 S - a +2 double sword of flaming
 W - a +2 rapier of protection
Armour
 d - the cursed +2 helmet "Cursed Together" (worn) {SInv, Cun, Fort}
   (You found it on level 13 of the Dungeon)

   It has a curse which improves the following skills: Cunning: Dodging and
   Stealth.
   Fortitude: Armour and Shields.
 e - the cursed +0 pair of gloves of the Sibylline Regret (worn) {Comp, Melee}
   (You found it on level 3 of the Dungeon)

   It has a curse which improves the following skills: Companions: Summonings
   and Necromancy.
   Melee Combat: Short Blades, Long Blades, Axes, Maces & Flails, Polearms,
   Staves and Unarmed Combat.
 f - the cursed +2 pair of boots of the Stellar Burden (worn) {Comp, Evo}
   (You found it on level 1 of the Elven Halls)

   It has a curse which improves the following skills: Companions: Summonings
   and Necromancy.
   Evocations: Evocations.
 g - the cursed +0 kite shield of the Shackled Negation (worn) {Cun, Evo}
   (You found it on level 5 of the Dungeon)

   It has a curse which improves the following skills: Cunning: Dodging and
   Stealth.
   Evocations: Evocations.
 h - the cursed +1 leather armour of the Unyielding Gaze (worn) {Regen+ Int+2, Melee, Fort}
   (You bought it in a shop on level 4 of the Dungeon)

   Int:       It affects your intelligence (+2).
   Regen:     It increases your rate of health regeneration.
   It has a curse which improves the following skills: Melee Combat: Short
   Blades, Long Blades, Axes, Maces & Flails, Polearms, Staves and Unarmed
   Combat.
   Fortitude: Armour and Shields.
 p - the +7 plate armour of Serph {+Inv rPois rF- rC+}
   (You found it on level 2 of the Abyss)

   rF:        It makes you vulnerable to fire.
   rC:        It protects you from cold.
   rPois:     It protects you from poison.
   +Inv:      It lets you turn invisible.
Magical Staves
 a - a cursed staff of cold (weapon) {Elem, Evo}
Jewellery
 b - a ring of resist corrosion
 i - the cursed amulet "Gnosis of Ashenzari" (around neck) {Reflect SH+5, Evo, Self}
   (You found it on level 8 of the Dungeon)

   [amulet of reflection]

   It reflects blocked missile attacks.
   SH:        It affects your SH (+5).
   It has a curse which improves the following skills: Evocations: Evocations.
   Introspection: Fighting and Spellcasting.
 j - the cursed ring "At What Cost Knowledge?" (left hand) {Int+6, =R Melee, Elem}
   (You found it on level 3 of the Dungeon)

   [ring of intelligence]

   Int:       It affects your intelligence (+6).
   It has a curse which improves the following skills: Melee Combat: Short
   Blades, Long Blades, Axes, Maces & Flails, Polearms, Staves and Unarmed
   Combat.
   Elements:  Fire Magic, Ice Magic, Air Magic and Earth Magic.
 k - the cursed ring of Ashenzari's Anxiety (right hand) {AC+4, Elem, Bglg}
   (You found it on level 6 of the Dungeon)

   [ring of protection]

   AC:        It affects your AC (+4).
   It has a curse which improves the following skills: Elements: Fire Magic, Ice
   Magic, Air Magic and Earth Magic.
   Beguiling: Conjurations, Hexes and Translocations.
 w - a ring of fire
Wands
 o - a wand of mindburst (59) (quivered)
 C - a wand of charming (35)
 D - a wand of digging (15)
 K - a wand of polymorph (12)
 M - a wand of acid (9)
 O - a wand of flame (104)
 V - a wand of paralysis (14)
 Y - a wand of iceblast (32)
Scrolls
 m - a scroll of silence
 n - a scroll of immolation
 v - a scroll of blinking
 B - 6 scrolls of enchant armour
 F - 14 scrolls of teleportation
 I - 3 scrolls of fog
 J - 4 scrolls of fear
 P - 3 scrolls of enchant weapon
 X - 2 scrolls of amnesia
Potions
 c - 5 potions of heal wounds
 l - 5 potions of lignification
 q - a potion of mutation
 s - a potion of magic
 t - 3 potions of cancellation
 x - 3 potions of haste
 z - 3 potions of invisibility
 E - 8 potions of curing
 H - 2 potions of brilliance
 L - a potion of berserk rage
 N - 2 potions of might
 Q - 2 potions of flight
 Z - a potion of resistance
Miscellaneous
 r - a lightning rod (4/4)
 A - a box of beasts (inert)


   Skills:
 - Level 10.5(13.0) Fighting
 - Level 2.6(7.5) Short Blades
 * Level 5.0(10.2) Long Blades
 - Level 5.9(11.0) Staves
 - Level 1.0 Crossbows
 - Level 0.6 Throwing
 + Level 5.2(9.2) Armour
 + Level 13.2(16.8) Dodging
 - Level 2.7(6.0) Stealth
 + Level 15.2(18.7) Shields
 - Level 10.5(13.0) Spellcasting
 - Level 4.4(7.0) Conjurations
 - Level 8.0(12.0) Summonings
 - Level 7.2(11.2) Necromancy
 - Level 7.9(13.0) Ice Magic
 - Level 2.1(6.0) Earth Magic
 + Level 7.0(13.1) Evocations


You had 12 spell levels left.
You knew the following spells:

 Your Spells              Type           Power      Damage    Failure   Level
a - Frozen Ramparts       Ice            100%       1d12      1%          3
c - Excruciating Wounds   Necr           27%        N/A       1%          5
d - Iskenderun's Mystic   Conj/Tloc      27%        2d7       8%          4
e - Summon Cactus Giant   Summ           28%        N/A       3%          6
f - Passwall              Tmut/Erth      20%        N/A       1%          2
o - Hailstorm             Conj/Ice       68%        3d14      1%          4
s - Stone Arrow           Conj/Erth      78%        3d11      1%          3
z - Ozocubu's Armour      Ice            78%        N/A       1%          3

Your spell library contained the following spells:

 Spells                   Type           Power      Damage    Failure   Level
 Freeze                   Ice            100%       1d11      0%          1
 Summon Small Mammal      Summ           100%       N/A       0%          1
 Pain                     Necr           100%       1d9       1%          1
 Sandblast                Erth           74%        2d16      1%          1
 Dazzling Flash           Conj/Hex       54%        N/A       1%          3
 Agony                    Necr           55%        N/A       1%          5
 Fulminant Prism          Conj/Hex       13%        3d9       8%          4
 Lee's Rapid Deconstruct  Erth           18%        3d12*     8%          5
 Summon Forest            Summ/Tloc      18%        N/A       8%          5
 Summon Hydra             Summ           28%        N/A       22%         7
 Silence                  Hex/Air        7%         N/A       63%         5
 Eringya's Noxious Bog    Tmut/Pois      6%         N/A       99%         6
 Dragon's Call            Summ           28%        N/A       100%        9


Dungeon Overview and Level Annotations

Branches:
Dungeon (15/15)            Temple (1/1) D:6            Lair (6/6) D:8
  Swamp (0/4) Lair:2        Snake (0/4) Lair:2        Slime (0/5) Lair:6
    Orc (2/2) D:12            Elf (1/3) Orc:2        Vaults (0/5) D:14
 Depths (0/5) D:15          Sewer (visited)          Bailey (visited)
  IceCv (visited)         Volcano (visited)

Altars:
Ashenzari
Cheibriados
Dithmenos
Elyvilon
Fedhas
Gozag
Hepliaklqana
Kikubaaqudgha
Makhleb
Nemelex Xobeh
Okawaru
Qazlal
Ru
Sif Muna
Trog
Uskayaw
Vehumet
Wu Jian
Xom
Yredelemnul
Zin
The Shining One
Beogh
Lugonu

Shops:
D:4 [   D:10 ?(*?=   Orc:2 (?[*

Portals:
Abyss: Lair:6
Trove: Elf:1 (give 20 potions of curing)

Annotations:
D:7 exclusion: ice statue
D:15 Roxanne
Lair:5 Super Stash


Innate Abilities, Weirdness & Mutations

You have razor-sharp toenails.
You have a somewhat thin skeletal structure. (Dex +2, Stealth+)
Your demonic aura causes all spilled blood to erupt in flames.
You regenerate a lot of health from kills.
You are clumsy. (Dex -2)
Your body sometimes deteriorates upon taking damage.
You are somewhat resistant to further mutation.
You occasionally shout uncontrollably at your foes.
Your spells are a little easier to cast, but a little less powerful.
You passively dampen the noise of your surroundings.


Message History

The air twists around and strikes you!
* * * LOW HITPOINT WARNING * * *
The wall freezes the large abomination!
You destroy the large abomination!
The dread lich is engulfed in blazing flames.
The dread lich resists.
The wall freezes the dread lich.
The dread lich touches you but does no damage.
The Hell Sentinel completely resists.
The wall freezes the Hell Sentinel but does no damage.
The dread lich is engulfed in blazing flames.
The dread lich completely resists.
The wall freezes the dread lich but does no damage.
The dread lich touches you but does no damage.
The dread lich completely resists.
The wall freezes the dread lich but does no damage.
The dread lich touches you but does no damage.
The Hell Sentinel completely resists.
The wall freezes the Hell Sentinel but does no damage.
The wall freezes the cacodemon!
The dread lich is engulfed in blazing flames.
The dread lich resists.
The wall freezes the dread lich.
The dread lich touches you!
* * * LOW HITPOINT WARNING * * *
The Hell Sentinel completely resists.
The wall freezes the Hell Sentinel but does no damage.
The Hell Sentinel hits you but does no damage. x2
The wall freezes the cacodemon!
The dread lich is engulfed in blazing flames.
The dread lich completely resists.
The wall freezes the dread lich but does no damage.
The dread lich casts a spell at you.
You shrug off the repeated paralysis!
The dread lich is engulfed in blazing flames.
The dread lich resists.
The wall freezes the dread lich.
The dread lich touches you but does no damage.
The Hell Sentinel completely resists.
The wall freezes the Hell Sentinel but does no damage.
The Hell Sentinel hits you but does no damage.
The Hell Sentinel hits you!
You die...

......# ....##,, ,, , ,
##.... ,.#.#...,, .,.#*
, ##. ..|#..#..#. ,##. ,
* * ... . ..## .. ..#* ,
* .... .#. ...... .#.. ,
.** * *, ##...
...#..#####...##.# * *
,,, ......
..#.....#.....# *,***
..#.*. 2#....#21☼#..##..
** , .
.#.........2L@H......, ,
*,,** ,
.....###..######.##.#.,*
,, ..... ##. #.#..##.# *
, ,. .#...##. #.#..##.#*
, * * ,..# # . ##. ,**
**# ,,, *,* .#* , * *,,
, *, , * ,,,** ** , , *
* , , , , , ** , ,, ,, ,
, *,* , *,, , , *,,* , ,


You could see a Hell Sentinel (summoned), a dread lich (fast, invisible), a
cacodemon (summoned), a blizzard demon (summoned) and a friendly mature
shocksting beast (summoned).

Vanquished Creatures
  Rupert (Lair:6)
  An Executioner (Abyss:3)
  Agnes (Elf:1)
  Kirke (D:13)
  Gastronok (Lair:3)
  A frost giant (D:15)
  3 caustic shrike zombies (Abyss:3)
  An orc warlord (Orc:2)
  3 cacodemons (Abyss:3)
  A deep elf demonologist (Elf:1)
  A blizzard demon (Abyss:1)
  A deep elf death mage (Elf:1)
  Snorg (Orc:1)
  Josephine (D:13)
  A rakshasa (Abyss:3)
  10 hydras
  3 boulder beetles
  6 centaur warriors
  3 catoblepae
  2 ogre magi
  Erolcha (Orc:1)
  8 two-headed ogres
  3 dancing weapons (Elf:1)
  A death knight (D:15)
  3 tengu warriors (D:15)
  16 death yaks
  An orc high priest (Orc:2)
  A hell knight (Volcano)
  A soul eater (Abyss:1)
  8 thrashing horrors
  Nergalle (D:10)
  7 deep elf knights (Elf:1)
  4 skeletal warriors (D:14)
  A salamander mystic (Volcano)
  A glowing orange brain (shapeshifter) (Abyss:3)
  3 glowing orange brains (Abyss:3)
  2 bog bodies (IceCv)
  14 deep elf archers (Elf:1)
  A lindwurm (Lair:6)
  An orc knight (Orc:1)
  13 deep elf pyromancers
  26 ugly things
  15 deep elf zephyrmancers
  2 orc sorcerers
  4 salamanders (Volcano)
  6 cyclopes
  2 manticores
  2 shining eyes (Abyss:3)
  12 slime creatures
  A worldbinder (Abyss:2)
  6 elephants (Lair:3)
  22 large abominations
  Maurice (D:13)
  7 black mambas
  4 torpor snails
  2 apocalypse crabs (Abyss:3)
  2 molten gargoyles (Volcano)
  The ghost of hgbash the Conjurer, a novice DrCj (D:5)
  7 smoke demons
  A kobold demonologist (D:10)
  2 gargoyles (D:11)
  12 cane toads
  Psyche (D:10)
  8 rime drakes
  13 komodo dragons
  An unseen horror (D:13)
  2 freezing wraiths
  3 yaktaurs (D:14)
  2 entropy weaver simulacra (IceCv)
  A jumping spider (shapeshifter) (D:13)
  2 ancient zymes
  2 tengu conjurers
  4 polar bears
  A queen bee (shapeshifter) (D:13)
  11 trolls
  26 blink frogs
  8 dream sheep
  An air elemental (Elf:1)
  3 flying skulls (Abyss:3)
  2 shadows
  A vampire (D:9)
  2 water elementals (Elf:1)
  A spriggan (Lair:6)
  Sigmund (D:4)
  3 ynoxinuls
  A fire elemental (Elf:1)
  7 wraiths
  Eustachio (D:4)
  12 wyverns
  A human (shapeshifter) (D:14)
  12 basilisks
  A fire bat (Volcano)
  A hog (D:13)
  34 yaks
  3 humans (D:13)
  33 small abominations
  A basilisk (shapeshifter) (Lair:6)
  4 golden eyes (Abyss:3)
  2 steam dragons (D:8)
  4 vampire mosquitoes (D:12)
  A death yak simulacrum (IceCv)
  A chaos spawn (Lair:6)
  A harpy simulacrum (IceCv)
  2 wargs (Orc:2)
  2 swamp worms (Lair:2)
  2 acid dragons (D:10)
  19 water moccasins
  2 hell hounds (Orc:1)
  2 sky beasts
  40 orc warriors
  2 black bears
  4 necrophages (D:11)
  3 starcursed masses (Abyss:1)
  12 centaurs
  9 ogres
  3 kobold brigands
  Blork the orc (D:4)
  A gnoll sergeant (D:9)
  3 two-headed ogre simulacra (IceCv)
  13 bullfrogs
  6 cane toad simulacra (IceCv)
  2 elephant simulacra (IceCv)
  A water moccasin skeleton (D:5)
  5 wights (D:11)
  3 electric eels
  A howler monkey (D:10)
  6 centaur zombies
  6 lava snakes (Volcano)
  3 hounds (D:5)
  3 jellies
  28 orc priests
  6 centaur skeletons
  2 gnoll shamans
  A scorpion zombie (D:5)
  5 iguanas
  Terence (D:2)
  24 orc wizards
  Natasha (D:2)
  10 hell rats (Lair:6)
  8 troll simulacra (IceCv)
  4 spriggan simulacra (IceCv)
  A wolf simulacrum (IceCv)
  2 mummies (D:11)
  Robin (D:2)
  14 gnolls
  5 naga simulacra (IceCv)
  10 adders
  A shadow imp (D:7)
  18 white imps
  13 ufetubi
  A worm (D:2)
  3 dart slugs
  116 orcs
  8 endoplasms
  5 giant cockroaches
  9 goblins
  11 hobgoblins
  6 jackals (D:3)
  3 quokkas
  10 ball pythons
  10 bats
  4 frilled lizards
  26 kobolds
  26 rats
  A bush (Lair:5)
1040 creatures vanquished.

Vanquished Creatures (collateral kills)
  An ice statue (IceCv)
1 creature vanquished.

Vanquished Creatures (others)
  2 dancing weapons (Elf:1)
  2 deep elf knights (Elf:1)
  A shadow (D:10)
  A human (D:13)
  A neqoxec (Abyss:1)
  A small abomination (Abyss:2)
  A kobold brigand (D:9)
  2 foxfires (Abyss:3)
  33 fungi
  63 plants
  7 withered plants (D:11)
114 creatures vanquished.

Grand Total: 1155 creatures vanquished

Notes
Turn   | Place    | Note
-------+----------+-------------------------------------------
     0 | D:1      | CraigForest the Demonspawn Ice Elementalist began the quest
                  | for the Orb.
     0 | D:1      | Reached XP level 1. HP: 13/13 MP: 3/3
   124 | D:1      | Gained mutation: Your demonic aura sometimes causes spilled
                  | blood to erupt in flames. [demonic ancestry]
   124 | D:1      | Reached XP level 2. HP: 5/19 MP: 1/5
   700 | D:1      | Reached skill level 1 in Short Blades
   837 | D:2      | Reached skill level 1 in Fighting
   837 | D:2      | Gained mutation: Your demonic aura often causes spilled
                  | blood to erupt in flames. [demonic ancestry]
   837 | D:2      | Reached XP level 3. HP: 26/26 MP: 4/6
   899 | D:2      | Noticed Terence
   907 | D:2      | Killed Terence
  1068 | D:2      | Reached XP level 4. HP: 32/32 MP: 8/8
  1080 | D:2      | Learned a level 3 spell: Frozen Ramparts
  1084 | D:2      | Learned a level 3 spell: Ozocubu's Armour
  1099 | D:2      | Noticed Robin
  1106 | D:2      | Killed Robin
  1751 | D:2      | Noticed Natasha
  1758 | D:2      | Killed Natasha
  1759 | D:2      | Reached XP level 5. HP: 38/38 MP: 9/9
  2415 | D:3      | Found a glowing drain.
  2420 | Sewer    | Entered a sewer
  2461 | Sewer    | Noticed a water moccasin
  2469 | Sewer    | Killed a water moccasin
  2470 | Sewer    | Reached skill level 1 in Conjurations
  2470 | Sewer    | Reached skill level 5 in Ice Magic
  2470 | Sewer    | Gained mutation: You regenerate a little health from kills.
                  | [demonic ancestry]
  2470 | Sewer    | Reached XP level 6. HP: 43/47 MP: 6/10
  2475 | Sewer    | Learned a level 4 spell: Hailstorm
  3029 | D:4      | Noticed Blork the orc
  3039 | D:4      | Killed Blork the orc
  3040 | D:4      | Reached skill level 1 in Staves
  3185 | D:4      | Found Zathyete's Armour Shoppe.
  3285 | D:4      | Noticed Sigmund
  3289 | D:4      | Noticed Eustachio
  3298 | D:4      | Killed Sigmund
  3299 | D:4      | Reached XP level 7. HP: 44/52 MP: 0/11
  3301 | D:4      | Killed Eustachio
  3790 | D:5      | Entered Level 5 of the Dungeon
  3836 | D:5      | Found a runed translucent gate.
  3836 | D:5      | Found a runed translucent gate.
  3836 | D:5      | Noticed hgbash's ghost (novice DrCj)
  3837 | D:5      | Found a runed translucent gate.
  4372 | D:5      | Gained mutation: You have a somewhat thin skeletal
                  | structure. (Dex +2, Stealth+) [demonic ancestry]
  4372 | D:5      | Reached XP level 8. HP: 58/58 MP: 11/14
  5006 | D:5      | Killed hgbash's ghost
  5121 | D:6      | Found a staircase to the Ecumenical Temple.
  5133 | Temple   | Entered the Ecumenical Temple
  5163 | Temple   | Became a worshipper of Ashenzari the Shackled
  5393 | D:6      | Gained mutation: Your spells are a little easier to cast,
                  | but a little less powerful. [potion of mutation]
  5393 | D:6      | Gained mutation: You passively dampen the noise of your
                  | surroundings. [potion of mutation]
  5484 | D:4      | Bought the +1 leather armour of Huhados {Regen+ Int+2} for
                  | 218 gold pieces
  6477 | D:6      | Reached * piety under Ashenzari
  6816 | D:7      | Reached XP level 9. HP: 65/65 MP: 4/15
  6965 | D:7      | Reached skill level 1 in Crossbows
  6965 | D:7      | Reached skill level 1 in Shields
  7070 | D:7      | Reached ** piety under Ashenzari
  7345 | D:7      | Reached skill level 2 in Shields
  7571 | D:7      | Reached skill level 3 in Shields
  7572 | D:7      | Noticed an ice statue
  7806 | D:8      | Reached skill level 4 in Shields
  8134 | D:8      | Reached *** piety under Ashenzari
  8243 | D:8      | Reached skill level 5 in Shields
  8272 | D:8      | Found a staircase to the Lair.
  8273 | D:8      | Noticed a komodo dragon
  8289 | D:8      | Killed a komodo dragon
  8538 | D:9      | Reached skill level 6 in Shields
  8737 | D:9      | Reached **** piety under Ashenzari
  8770 | D:9      | Reached skill level 1 in Evocations
  8851 | D:9      | Noticed a deep elf zephyrmancer
  8861 | D:9      | Killed a deep elf zephyrmancer
  8912 | D:9      | Reached skill level 7 in Shields
  8912 | D:9      | Reached XP level 10. HP: 74/76 MP: 12/19
  8997 | D:9      | Found a hazy altar of Hepliaklqana.
  9128 | D:9      | Noticed a two-headed ogre
  9137 | D:9      | Killed a two-headed ogre
  9138 | D:9      | Reached skill level 8 in Shields
  9192 | D:10     | Entered Level 10 of the Dungeon
  9192 | D:10     | Noticed Nergalle
  9192 | D:10     | Found Zoacza's Magic Scroll Emporium.
  9192 | D:10     | Found Lexofali's Antique Weapon Shop.
  9203 | D:10     | Killed Nergalle
  9204 | D:10     | Reached skill level 9 in Shields
  9285 | D:10     | Noticed Psyche
  9294 | D:10     | Killed Psyche
  9329 | D:10     | Found Yshrilish's General Store.
  9335 | D:10     | Noticed a sixfirhy
  9502 | D:10     | Found Ohaicirph's Magic Scroll Boutique.
  9535 | D:10     | Reached skill level 10 in Shields
  9712 | D:10     | Found Oqatrytau's Jewellery Shoppe.
 10031 | D:10     | Gained mutation: You have sharp toenails. [demonic
                  | ancestry]
 10031 | D:10     | Reached XP level 11. HP: 52/81 MP: 17/20
 10162 | D:11     | Reached skill level 11 in Shields
 11004 | D:12     | Noticed a white ugly thing
 11022 | D:12     | Killed a white ugly thing
 11023 | D:12     | Reached skill level 5 in Dodging
 11026 | D:12     | Noticed a two-headed ogre
 11037 | D:12     | Killed a two-headed ogre
 11071 | D:12     | Reached ***** piety under Ashenzari
 11119 | D:12     | Found a staircase to the Orcish Mines.
 11474 | D:12     | Noticed a deep elf pyromancer
 11485 | D:12     | Killed a deep elf pyromancer
 11553 | Orc:1    | Entered Level 1 of the Orcish Mines
 11553 | Orc:1    | Noticed Erolcha
 11560 | Orc:1    | Killed Erolcha
 11561 | Orc:1    | Reached skill level 1 in Armour
 11561 | Orc:1    | Reached skill level 12 in Shields
 11591 | Orc:1    | Gained mutation: You regenerate health from kills. [demonic
                  | ancestry]
 11591 | Orc:1    | Reached XP level 12. HP: 83/89 MP: 8/21
 11675 | Orc:1    | Found a dark tunnel.
 11687 | Volcano  | Entered a volcano
 12072 | Volcano  | Found a radiant altar of Vehumet.
 12997 | Orc:2    | Entered Level 2 of the Orcish Mines
 13042 | Orc:2    | Found a staircase to the Elven Halls.
 13073 | Orc:2    | Reached skill level 5 in Staves
 13139 | Orc:2    | Found Fyrokhlynn's Magic Scroll Boutique.
 13295 | Orc:2    | Noticed an orc warlord
 13297 | Orc:2    | Noticed an orc high priest
 13312 | Orc:2    | Killed an orc high priest
 13313 | Orc:2    | Reached skill level 5 in Fighting
 13329 | Orc:2    | Killed an orc warlord
 13561 | Orc:2    | Found Fyofeof's Antique Armour Shoppe.
 13563 | Orc:2    | Found Fostiz's Antique Weapon Emporium.
 13903 | Orc:2    | Found Yfest's Assorted Antiques.
 14001 | Orc:2    | Reached skill level 5 in Evocations
 14124 | Orc:2    | Reached XP level 13. HP: 86/102 MP: 22/22
 14602 | Orc:1    | Noticed Snorg
 14616 | Orc:1    | Killed Snorg
 14617 | Orc:1    | Reached skill level 1 in Necromancy
 14791 | D:10     | Bought a scroll of acquirement for 624 gold pieces
 14791 | D:10     | Acquired 1080 gold pieces
 15042 | D:10     | Bought a scroll of acquirement for 884 gold pieces
 15042 | D:10     | Acquired 1017 gold pieces
 15069 | D:10     | Bought a runed double sword for 486 gold pieces
 15185 | Orc:2    | Bought a glowing demon blade for 378 gold pieces
 15244 | Orc:2    | Bought a glowing broad axe for 189 gold pieces
 15581 | D:13     | Noticed Kirke
 15588 | D:13     | Noticed Maurice
 15589 | D:13     | Noticed Josephine
 15595 | D:13     | Killed Kirke
 15599 | D:13     | Killed Maurice
 15601 | D:13     | Killed Josephine
 15925 | D:13     | Reached skill level 5 in Necromancy
 15932 | D:13     | Learned a level 5 spell: Excruciating Wounds
 16257 | D:14     | Found a flagged portal.
 16269 | Bailey   | Entered a bailey
 16743 | Bailey   | Acquired 1054 gold pieces
 17094 | D:14     | Found a hide-covered altar of Uskayaw.
 17216 | D:14     | Found a gate to the Vaults.
 17303 | D:14     | Gained mutation: You have razor-sharp toenails. [demonic
                  | ancestry]
 17303 | D:14     | Reached XP level 14. HP: 113/113 MP: 25/25
 17312 | D:14     | Reached skill level 5 in Spellcasting
 17759 | D:15     | Entered Level 15 of the Dungeon
 17912 | D:15     | Noticed Roxanne
 18021 | D:15     | Found a shadowy altar of Dithmenos.
 18390 | D:15     | Found a staircase to the Depths.
 18390 | D:15     | Noticed a frost giant
 18405 | D:15     | Reached skill level 10 in Dodging
 18460 | D:15     | Killed a frost giant
 18999 | Elf:1    | Entered Level 1 of the Elven Halls
 19085 | Elf:1    | Gained mutation: Your demonic aura causes all spilled blood
                  | to erupt in flames. [demonic ancestry]
 19085 | Elf:1    | Reached XP level 15. HP: 88/120 MP: 18/29
 19217 | Elf:1    | HP: 2/120 [+3 hand axe of electrocution (16)]
 19250 | Elf:1    | Learned a level 4 spell: Iskenderun's Mystic Blast
 19545 | Elf:1    | Paralysed by an air elemental for 1 turns
 19635 | Elf:1    | Noticed Agnes
 19654 | Elf:1    | Killed Agnes
 19655 | Elf:1    | Identified Mnoleg's Guide on Creation
 19664 | Elf:1    | Reached skill level 10 in Fighting
 19705 | Elf:1    | Reached skill level 10 in Spellcasting
 19811 | Elf:1    | Reached skill level 1 in Summonings
 19893 | Elf:1    | Identified the +6 quarterstaff "Toworow" {drain, Drain rF+
                  | Int+3 Stlth+}
 19968 | Elf:1    | Found a portal to a secret trove of treasure.
 20212 | Lair:1   | Entered Level 1 of the Lair of Beasts
 21244 | Lair:2   | Found a staircase to the Snake Pit.
 21306 | Lair:2   | Found a staircase to the Swamp.
 22206 | Lair:3   | Noticed Gastronok
 22220 | Lair:3   | Killed Gastronok
 22221 | Lair:3   | Reached skill level 13 in Shields
 22221 | Lair:3   | Reached XP level 16. HP: 91/129 MP: 32/32
 22263 | Lair:3   | Reached skill level 5 in Summonings
 22836 | Lair:3   | Learned a level 6 spell: Summon Cactus Giant
 22888 | Lair:4   | Identified the +7 great sword of Rubbish {vorpal, rPois
                  | Will+ Int+3 Dex-3}
 22921 | Lair:4   | Learned a level 2 spell: Passwall
 22925 | Lair:4   | Learned a level 3 spell: Stone Arrow
 23735 | Lair:4   | Reached skill level 5 in Armour
 24372 | Lair:5   | Found a frozen archway.
 24418 | IceCv    | Entered an ice cave
 25406 | Lair:5   | Reached skill level 1 in Long Blades
 25677 | Lair:5   | Reached skill level 1 in Earth Magic
 26617 | Lair:6   | Entered Level 6 of the Lair of Beasts
 26617 | Lair:6   | Identified the amulet "Wyagoxoymn" {RegenMP -Tele rPois
                  | Will++ Dex+2}
 26674 | Lair:6   | Noticed Rupert
 26688 | Lair:6   | Killed Rupert
 26714 | Lair:6   | Reached skill level 14 in Shields
 26962 | Lair:6   | Found a one-way gate to the infinite horrors of the Abyss.
 27409 | Lair:6   | Gained mutation: You regenerate a lot of health from kills.
                  | [demonic ancestry]
 27409 | Lair:6   | Reached XP level 17. HP: 117/136 MP: 25/34
 27699 | Lair:6   | Found a corrupted altar of Lugonu.
 27744 | Lair:6   | Voluntarily entered the Abyss.
 27897 | Abyss:1  | Gained mutation: Your body sometimes deteriorates upon
                  | taking damage. [a neqoxec]
 27922 | Abyss:2  | Identified the +7 plate armour of Serph {+Inv rPois rF-
                  | rC+}
 28291 | Abyss:3  | Found a corrupted altar of Lugonu.
 28308 | Abyss:3  | Gained mutation: You occasionally shout uncontrollably at
                  | your foes. [a cacodemon]
 28321 | Abyss:3  | Gained mutation: You are clumsy. (Dex -2) [a cacodemon]
 28322 | Abyss:3  | Noticed a bone dragon
 28324 | Abyss:3  | Gained mutation: You are somewhat resistant to further
                  | mutation. [a cacodemon]
 28382 | Abyss:3  | Reached skill level 15 in Shields
 28422 | Abyss:3  | Got an abyssal rune of Zot
 28689 | Abyss:4  | Identified the +1 spear "Rukkoiro" {pain, rCorr Str-2
                  | Dex+3}
 28707 | Abyss:4  | Noticed a dread lich
 28719 | Abyss:4  | Noticed a Hell Sentinel
 28722 | Abyss:4  | Paralysed by a dread lich for 4 turns
 28734 | Abyss:4  | Reached skill level 5 in Long Blades
 28734 | Abyss:4  | Paralysed by a dread lich for 6 turns
 28735 | Abyss:4  | HP: 3/134 [blizzard demon/the air[a dread lich] (9)]
 28739 | Abyss:4  | Mangled by a Hell Sentinel

Illustrated notes

Levels and vault maps discovered:
D:1:      mainiacjoe_arrival_reflecting_pool, layout_rooms
D:2:      layout_basic, uniq_robin, uniq_natasha, uniq_terence
D:3:      layout_basic, portal_sewer_entry_e
D:4:      layout_cave_pools, serial_shops, shop_fountains, minmay_rat_hole,
          uniq_eustachio, uniq_sigmund, uniq_blork_the_orc
D:5:      layout_basic, gammafunk_ghost_nasty_kobolds, kennysheep_generic_room_6
D:6:      layout_layer_cave, minmay_temple_entry_statues
D:7:      lemuel_ice_statue, layout_loops_cross, wad_floor_pattern_untrapped
D:8:      layout_basic, david_lair_shrubbed, amcnicky_mini_corridor_feature
D:9:      layout_roguey, kennysheep_mini, guppyfry_early_elven_hall
D:10:     layout_loops_ring, serial_shops, nicolae_shop_crystal, shop,
          nicolae_stop_n_shop_2, nicolae_shop_trees, nicolae_shop_behind_doors,
          chequers_serial_rivers_small_b, kennysheep_small_square,
          uniq_nergalle, uniq_psyche
D:11:     layout_rooms, serial_undead, serial_undead_b, serial_undead_d,
          serial_undead_d, serial_undead_c, serial_undead_e, serial_undead_a,
          serial_undead_a, serial_undead_f, serial_undead_c, serial_undead_e,
          tso_metal_star
D:12:     layout_rooms, david_orc_3
D:13:     minmay_spotlight, layout_irregular_city, serial_glass,
          glass_columns_a, glass_columns_a, uniq_josephine, uniq_maurice,
          uniq_kirke
D:14:     layout_loops_ring, hangedman_vaults_entry_quadrant_bands,
          nicolae_uskayaw_murder_on_the_dancefloor, enter_bailey_2
D:15:     grunt_enter_depths_snipers, layout_loops_cross,
          grunt_dithmenos_smoke_and_mirrors, uniq_roxanne
Temple:   nicolae_temple_the_god_donut
Lair:1:   layout_hall_layers, nzn_sisyphean_effort, grunt_megastairs_4,
          infiniplex_staircase_pool_2, serial_bayou_shore_a
Lair:2:   layout_regular_city, palyth_hydra_swamp_entry,
          guppyfry_snake_entry_island, beast_lair_carwin_7, lemuel_fruit_fields
Lair:3:   layout_small_grid, uniq_gastronok
Lair:4:   nzn_winding_woodlands_stair_trap [nzn_winding_woodlands_5x15_sawtooth,
          nzn_winding_woodlands_5x15_parted, nzn_winding_woodlands_5x15_twine,
          nzn_winding_woodlands_15x15_five_gardens,
          nzn_winding_woodlands_5x15_split_checker,
          nzn_winding_woodlands_5x15_pockets,
          nzn_winding_woodlands_5x15_river_crossing], layout_regular_city,
          lemuel_fruit_tree
Lair:5:   layout_roguey, portal_ice_cave_entry_imps
Lair:6:   hellmonk_lair_end_abyssal_woods, layout_loops_ring,
          dpeg_slime_entry_corner, special_room [special_room_mythical_zoo],
          kennysheep_basilisk_garden, uniq_rupert
Orc:1:    layout_caves, enter_volcano_3, basic_altar, uniq_erolcha, uniq_snorg
Orc:2:    grunt_orc_community_town_hall, layout_caves,
          grunt_orc_community_big_house_2, grunt_orc_community_big_house_1,
          grunt_orc_community_house_1, grunt_orc_community_house_2,
          grunt_orc_community_house_3, grunt_orc_community_house_3,
          grunt_orc_community_house_2, grunt_orc_community_house_3, basic_altar
Elf:1:    layout_loops_cross, nicolae_trove_entry_crystal,
          minmay_elf_demonology, uniq_agnes
Abyss:4:  base: Orc:2, hangedman_steaming_rock

Skill      XL: |  1  2  3  4  5  6  7  8  9 10 11 12 13 14 15 16 17 |
---------------+----------------------------------------------------+-----
Ice Magic      | 4 5 6 7 |  7.9
Dodging        | 2 3 6 7 8 10 11 12 13 | 13.2
Stealth        | 2 |  2.7
Short Blades   | 1 2 |  2.6
Fighting       | 1 2 3 4 6 8 9 10 | 10.5
Spellcasting   | 3 4 7 10 | 10.5
Conjurations   | 1 2 4 |  4.4
Staves         | 1 2 3 5 |  5.9
Crossbows      | 1 |  1.0
Shields        | 7 10 12 13 14 15 | 15.2
Evocations     | 2 4 5 6 7 |  7.0
Armour         | 1 2 4 5 |  5.2
Necromancy     | 6 7 |  7.2
Summonings     | 4 6 8 |  8.0
Long Blades    | 2 5 |  5.0
Earth Magic    | 1 2 |  2.1
Throwing       | |  0.6

Action                   |  1- 3 |  4- 6 |  7- 9 | 10-12 | 13-15 | 16-18 || total
-------------------------+-------+-------+-------+-------+-------+-------++-------
Melee: Dagger            |    56 |   145 |       |       |       |       ||   201
       Staff             |       |    34 |   218 |   286 |   915 |  1240 ||  2693
       Falchion          |       |       |    16 |    92 |       |       ||   108
       Rapier            |       |       |    52 |       |       |       ||    52
       Kick              |       |       |       |    76 |   187 |       ||   263
Throw: Boomerang         |       |       |       |     5 |       |       ||     5
 Cast: Freeze            |    19 |     6 |     9 |     4 |       |       ||    38
       Frozen Ramparts   |       |    17 |    27 |    45 |    46 |    37 ||   172
       Ozocubu's Armour  |       |     2 |     2 |     4 |     9 |    11 ||    28
       Hailstorm         |       |     1 |    13 |    65 |    57 |    40 ||   176
       Iskenderun's Myst |       |       |       |       |     4 |     2 ||     6
       Stone Arrow       |       |       |       |       |       |    42 ||    42
       Summon Cactus Gia |       |       |       |       |       |     5 ||     5
Invok: Curse Item        |       |       |     6 |     2 |     2 |       ||    10
       Shatter the Chain |       |       |       |       |     1 |       ||     1
Evoke: Wand              |       |       |       |       |       |     6 ||     6
       Box of beasts     |       |       |       |       |       |     1 ||     1
  Use: Potion            |       |       |     1 |       |     3 |       ||     4
       Scroll            |       |       |       |     2 |     6 |     3 ||    11
 Stab: Sleeping          |     5 |     7 |     6 |     6 |    23 |    16 ||    63
       Distracted        |       |     1 |       |     1 |     1 |     1 ||     4
       Paralysed         |       |       |       |       |       |     5 ||     5
Armor: Robe              |     5 |    42 |    32 |       |       |       ||    79
       Leather armour    |       |       |    94 |   110 |   137 |   336 ||   677
Dodge: Dodged            |    43 |   138 |   166 |   155 |   345 |   538 ||  1385
Block: Buckler           |       |       |    16 |       |       |       ||    16
       Kite shield       |       |       |    12 |   358 |   781 |  1033 ||  2184
       Reflection        |       |       |     1 |    13 |    48 |    12 ||    74

Table legend: (Time is in decaauts)
 A = Elapsed time spent in this place.
 B = Non-inter-level travel time spent in this place.
 C = Inter-level travel time spent in this place.
 D = Time resting spent in this place.
 E = Time spent auto-exploring this place.
 F = Levels seen in this place.
 G = Mean time per level.
                   A        B        C        D        E       F      G
               +--------+--------+--------+--------+--------+-----+--------+
         Total |  28135 |  26677 |   1458 |    818 |  12526 |  33 |  852.6 |
       Dungeon |  14620 |  13530 |   1090 |     85 |   8494 |  15 |  974.7 |
        Temple |    253 |    242 |     11 |      0 |    207 |   1 |  253.0 |
          Lair |   6368 |   6203 |    165 |    109 |   1890 |   6 | 1061.3 |
  Orcish Mines |   2349 |   2180 |    169 |    222 |    844 |   2 | 1174.5 |
   Elven Halls |   1076 |   1055 |     21 |     12 |    421 |   1 | 1076.0 |
         Abyss |    918 |    918 |      0 |     52 |      0 |   4 |  229.5 |
         Sewer |     99 |     99 |      0 |      0 |     35 |   1 |   99.0 |
        Bailey |    693 |    693 |      0 |      0 |    277 |   1 |  693.0 |
      Ice Cave |    835 |    835 |      0 |      0 |    207 |   1 |  835.0 |
       Volcano |    919 |    919 |      0 |    338 |    149 |   1 |  919.0 |
               +--------+--------+--------+--------+--------+-----+--------+

Top non-repeatable levels by time:
   Orc:2: 1722 daAuts
  Lair:5: 1426 daAuts
  Lair:4: 1420 daAuts
     D:6: 1393 daAuts
     D:5: 1389 daAuts
     D:2: 1235 daAuts
    D:15: 1120 daAuts
    D:10: 1088 daAuts
  Lair:3: 1084 daAuts
   Elf:1: 1076 daAuts
     D:7: 941 daAuts
 Volcano: 919 daAuts
  Lair:6: 905 daAuts
     D:8: 894 daAuts
    D:13: 881 daAuts
